 Dungeon Crawl Stone Soup version 0.30-a0-605-gb2882149bf (webtiles) character file.

Game seed: 2642679311462904468

6374 Sabo the Protected (level 10, -5/92 HPs)
             Began as an Armataur Berserker on Jan 6, 2023.
             Was a High Priest of Trog.
             Slain by a killer bee (6 damage)
             ... on level 7 of the Dungeon on Jan 7, 2023.
             The game lasted 00:47:13 (8325 turns).

Sabo the Protected (Armataur Berserker)             Turns: 8325, Time: 00:47:14

Health: -5/92      AC: 19    Str: 26    XL:     10   Next: 65%
Magic:  10/10      EV:  6    Int:  9    God:    Trog [*****.]
Gold:   434        SH:  0    Dex:  9    Spells: 9/9 levels left

rFire   . . .      SeeInvis .    t - +2 flail (elec)
rCold   . . .      Faith    .    (no shield)
rNeg    . . .      Spirit   .    B - +0 plate armour
rPois   +          Reflect  .    n - +2 helmet
rElec   .          Harm     .    c - +2 cloak
rCorr   .          Roll     +    (no gloves)
Will    .....                    (no barding) Stlth
                                 (no amulet)
HPRegen 0.35/turn                g - +4 ring of slaying
MPRegen 0.12/turn                p - ring of poison resistance

@: lethally poisoned (-5 -> -11)
A: large, rugged brown scales 3, deformed body, armoured tail, roll, long
tongue, awkward tongue, claws 1, talons 2, inability to read after injury 1
a: Renounce Religion, Berserk, Trog's Hand, Brothers in Arms


You were on level 7 of the Dungeon.
You worshipped Trog.
Trog was extremely pleased with you.
You visited 1 branch of the dungeon, and saw 7 of its levels.
You also visited: Ossuary and Bailey.

You collected 434 gold pieces.

Inventory:

Hand Weapons
 a - a +0 shortbow
 t - a +2 flail of electrocution (weapon)
 u - a +1 heavy hand axe
 y - a +0 broad axe
 C - a +1 morningstar
Missiles
 d - 12 poisoned darts (quivered)
 l - 4 javelins
Armour
 c - a +2 cloak (worn)
 n - a +2 helmet (worn)
 B - a +0 plate armour (worn)
Jewellery
 g - a +4 ring of slaying (left claw)
 p - a ring of poison resistance (right claw)
 x - a ring of willpower
Wands
 i - a wand of mindburst (36)
 w - a wand of flame (21)
 A - a wand of acid (4)
Scrolls
 e - 3 scrolls of butterflies
 f - 2 scrolls of silence
 h - 4 scrolls of magic mapping
 j - 3 scrolls of fog
 o - 2 scrolls of teleportation
Potions
 b - a potion of haste
 k - 4 potions of curing
 m - a potion of degeneration {unknown}
 r - 2 potions of invisibility {unknown}
 s - 6 potions of flight
 v - 2 potions of might
 z - 3 potions of attraction {unknown}
 E - 3 potions of heal wounds
 F - a potion of berserk rage {unknown}
 G - a potion of resistance {unknown}


   Skills:
 + Level 7.4 Fighting
 + Level 4.6(7.0) Axes
 + Level 9.0(9.6) Maces & Flails
 + Level 10.2 Armour
 + Level 3.3 Dodging
 + Level 2.1 Stealth


You had 9 spell levels left.
You didn't know any spells.
Your spell library was empty.

Dungeon Overview and Level Annotations

Branches:
Dungeon (7/15)             Temple (0/1) D:4         Ossuary (visited)
 Bailey (visited)

Altars:
Elyvilon
Kikubaaqudgha
Ru
Xom


Innate Abilities, Weirdness & Mutations

You are completely covered in rugged brown scales. (AC +3, +7% HP)
Armour fits poorly on your strangely shaped body.
You have a long armoured tail.
You roll when moving toward enemies. (Rampage)
Your long tongue fully drains potion bottles. (2x potion effects)
Your tongue gives you trouble enunciating. (1.5x scroll delay)
You have sharp fingernails.
You have razor-sharp toenails.
You occasionally lose the ability to read scrolls when taking damage.


Message History

* * * LOW HITPOINT WARNING * * *
You slurp down every last drop of the 4 potions of heal wounds!
You feel much better.
The killer bee stings you but does no damage.
The killer bee closely misses you. The killer bee barely misses you.
The killer bee stings you.
The killer bee stings you but does no damage.
The killer bee stings you.
The killer bee stings you but does no damage. x2
You miss the killer bee. Your kick misses the killer bee.
The killer bee stings you but does no damage. x2
The killer bee barely misses you.
The killer bee stings you but does no damage. x3
The killer bee completely misses you.
The killer bee stings you but does no damage.
You closely miss the killer bee. Your kick misses the killer bee.
Your tail-slap misses the killer bee.
The killer bee stings you.
* * * LOW HITPOINT WARNING * * *
The killer bee stings you but does no damage.
The killer bee stings you.
* * * LOW HITPOINT WARNING * * *
The killer bee stings you.
* * * LOW HITPOINT WARNING * * *
You are poisoned.
The killer bee poisons you! The killer bee stings you.
* * * LOW HITPOINT WARNING * * *
The killer bee stings you but does no damage.
The killer bee completely misses you.
The killer bee stings you but does no damage.
You bludgeon the killer bee!!
You kill the killer bee!
Trog accepts your kill.
You feel very sick.
The killer bee stings you but does no damage. x2
The killer bee stings you.
* * * LOW HITPOINT WARNING * * *
The killer bee stings you.
* * * LOW HITPOINT WARNING * * *
The killer bee stings you.
You die...

#....#.# #.#... **
#.####.# #.##.. ,*
#.# #.# #.#### ,*
#.# #.# #.# ,* #.#
#.# #.# ,* #.# *,*
#.#### ,*
##.####.##***#.....
,*
#..y......,,,######
,* #.@.......,,,*
,* #.yy......,,,*
,* #.........,,,*
,* #.........,,,*
,* #.........,,,*
,* #.........,,,*
,* #.........,,,*
,* #.........,,,*
,* *,,,,,,,,,,,,*


You could see 3 killer bees.

Vanquished Creatures
  2 vault guards (Bailey)
  Prince Ribbit (Bailey)
  Sigmund (D:2)
  A wraith (D:7)
  8 humans (Bailey)
  2 steam dragons (D:6)
  Edmund (D:4)
  Menkaure (D:5)
  2 ice beasts
  A black bear (D:6)
  3 ogres
  2 centaurs
  A kobold brigand (D:4)
  3 necrophages
  10 bullfrogs (Bailey)
  4 scorpions
  A wight (D:6)
  7 killer bees
  2 human zombies (Ossuary)
  A centaur zombie (Ossuary)
  4 hounds
  3 jellies
  An orc priest (D:6)
  6 iguanas
  An orc wizard (D:5)
  4 ogre zombies (Ossuary)
  7 mummies (Ossuary)
  Robin (D:2)
  7 gnolls (D:5)
  8 adders
  A shadow imp (D:6)
  2 white imps (D:6)
  An ufetubus (D:7)
  3 adder zombies (Ossuary)
  3 worms
  2 dart slugs
  17 orcs
  5 ball pythons
  9 endoplasms
  2 giant cockroaches
  19 goblins
  12 hobgoblins
  4 kobolds
  6 bats
  2 frilled lizards
  5 goblin zombies (Ossuary)
  4 hobgoblin zombies (Ossuary)
  5 kobold zombies (Ossuary)
  An orc zombie (Ossuary)
  A quokka zombie (Ossuary)
  2 rats
  4 rat zombies (Ossuary)
206 creatures vanquished.

Notes
Turn   | Place    | Note
-------+----------+-------------------------------------------
     0 | D:1      | Sabo the Armataur Berserker began the quest for the Orb.
     0 | D:1      | Reached XP level 1. HP: 19/19 MP: 1/1
   468 | D:1      | Reached XP level 2. HP: 24/26 MP: 2/2
   859 | D:2      | Reached XP level 3. HP: 33/33 MP: 3/3
   983 | D:2      | Reached ** piety under Trog
  1076 | D:2      | Upgraded the game from 0.30-a0-591-g3c58d2bc28 to
                  | 0.30-a0-596-g0af90f9a20
  1176 | D:2      | Noticed Robin
  1186 | D:2      | Killed Robin
  1193 | D:2      | Reached XP level 4. HP: 24/40 MP: 4/4
  1343 | D:2      | Noticed Sigmund
  1377 | D:2      | Killed Sigmund
  1378 | D:2      | Reached skill level 3 in Armour
  1378 | D:2      | Reached skill level 1 in Stealth
  1378 | D:2      | Reached XP level 5. HP: 19/49 MP: 5/5
  2409 | D:3      | Reached XP level 6. HP: 55/55 MP: 6/6
  2489 | D:4      | Found a staircase to the Ecumenical Temple.
  2500 | D:4      | Noticed Edmund
  2514 | D:4      | Killed Edmund
  2515 | D:4      | Reached skill level 4 in Armour
  2944 | D:4      | Reached *** piety under Trog
  3036 | D:4      | HP: 2/55 [kobold brigand/+0 short sword (2)]
  3042 | D:4      | Reached skill level 1 in Maces & Flails
  3042 | D:4      | Reached XP level 7. HP: 61/63 MP: 7/7
  3101 | D:5      | Entered Level 5 of the Dungeon
  3278 | D:5      | Reached skill level 5 in Armour
  3321 | D:5      | Noticed Menkaure
  3327 | D:5      | HP: 3/64 [Menkaure (7)]
  3329 | D:5      | Killed Menkaure
  3672 | D:5      | Upgraded the game from 0.30-a0-596-g0af90f9a20 to
                  | 0.30-a0-605-gb2882149bf
  3706 | D:5      | Reached XP level 8. HP: 71/71 MP: 8/8
  3820 | D:5      | Found a white marble altar of Elyvilon.
  3821 | D:5      | Found an ancient bone altar of Kikubaaqudgha.
  3822 | D:5      | Found a sacrificial altar of Ru.
  3822 | D:5      | Found a shimmering altar of Xom.
  3877 | D:5      | Reached skill level 6 in Armour
  4746 | D:6      | Reached skill level 5 in Fighting
  4794 | D:6      | Reached **** piety under Trog
  4945 | D:6      | Identified the +0 pair of boots of Morality {Regen+ rCorr
                  | Int-4 Dex-5}
  5103 | D:6      | Reached skill level 5 in Maces & Flails
  5539 | D:6      | Reached skill level 7 in Armour
  5613 | D:6      | Reached XP level 9. HP: 73/79 MP: 9/9
  6409 | D:7      | Found a sand-covered staircase.
  6415 | Ossuary  | Entered an ossuary
  6673 | Ossuary  | Reached skill level 8 in Armour
  6684 | Ossuary  | Reached ***** piety under Trog
  6935 | D:7      | Found a flagged portal.
  6958 | Bailey   | Entered a bailey
  7284 | Bailey   | Noticed Prince Ribbit
  7285 | Bailey   | Noticed a vault guard
  7289 | Bailey   | Reached skill level 9 in Armour
  7294 | Bailey   | Killed Prince Ribbit
  7295 | Bailey   | Reached XP level 10. HP: 64/89 MP: 10/10
  7299 | Bailey   | Killed a vault guard
  7534 | Bailey   | Noticed a vault guard
  7548 | Bailey   | Killed a vault guard
  7868 | Bailey   | Gained mutation: You have an increased reservoir of magic.
                  | (+10% MP) [potion of mutation]
  7868 | Bailey   | Lost mutation: You have an increased reservoir of magic.
                  | (+10% MP) [potion of mutation]
  7868 | Bailey   | Gained mutation: Your spells are a little harder to cast,
                  | but a little more powerful. [potion of mutation]
  7868 | Bailey   | Lost mutation: Your spells are a little harder to cast, but
                  | a little more powerful. [potion of mutation]
  7868 | Bailey   | Gained mutation: You are somewhat resistant to further
                  | mutation. [potion of mutation]
  7869 | Bailey   | Lost mutation: You are somewhat resistant to further
                  | mutation. [potion of mutation]
  7869 | Bailey   | Gained mutation: You are weak. (Str -2) [potion of
                  | mutation]
  7869 | Bailey   | Gained mutation: You occasionally shout uncontrollably at
                  | your foes. [potion of mutation]
  7869 | Bailey   | Gained mutation: You have sharp toenails. [potion of
                  | mutation]
  7869 | Bailey   | Gained mutation: You expend magic power (3 MP) to
                  | strengthen your wands. [potion of mutation]
  7870 | Bailey   | Lost mutation: You occasionally shout uncontrollably at
                  | your foes. [potion of mutation]
  7870 | Bailey   | Lost mutation: You expend magic power (3 MP) to strengthen
                  | your wands. [potion of mutation]
  7870 | Bailey   | Lost mutation: You have sharp toenails. [potion of
                  | mutation]
  7870 | Bailey   | Lost mutation: You are weak. (Str -2) [potion of mutation]
  7870 | Bailey   | Gained mutation: You are frail. (-10% HP) [potion of
                  | mutation]
  7870 | Bailey   | Gained mutation: You sometimes lose your temper in combat.
                  | [potion of mutation]
  7870 | Bailey   | Gained mutation: Your muscles are strong. (Str +4, Int/Dex
                  | -1) [potion of mutation]
  7870 | Bailey   | Gained mutation: You have sharp toenails. [potion of
                  | mutation]
  7870 | Bailey   | Gained mutation: Your flesh is cold resistant. (rC+)
                  | [potion of mutation]
  7871 | Bailey   | Lost mutation: You are frail. (-10% HP) [potion of
                  | mutation]
  7871 | Bailey   | Lost mutation: Your muscles are strong. (Str +4, Int/Dex
                  | -1) [potion of mutation]
  7871 | Bailey   | Lost mutation: Your flesh is cold resistant. (rC+) [potion
                  | of mutation]
  7871 | Bailey   | Lost mutation: You sometimes lose your temper in combat.
                  | [potion of mutation]
  7871 | Bailey   | Gained mutation: You occasionally lose the ability to read
                  | scrolls when taking damage. [potion of mutation]
  7871 | Bailey   | Gained mutation: You have sharp fingernails. [potion of
                  | mutation]
  7871 | Bailey   | Gained mutation: You have razor-sharp toenails. [potion of
                  | mutation]
  7911 | D:7      | Reached skill level 10 in Armour
  8325 | D:7      | HP: 1/92 [killer bee (6)]
  8325 | D:7      | Slain by a killer bee

Illustrated notes

Levels and vault maps discovered:
D:1:      spicycebolla_arrival_ecumenical, layout_basic, serial_corexii_hall,
          corexii_hall_statues_u, corexii_hall_statues_u,
          chequers_hall_statues_wall_a, minmay_pentomino_q2
D:2:      layout_basic, grunt_ministairs_9, uniq_robin, uniq_sigmund
D:3:      layout_rooms
D:4:      layout_cave_pools, minmay_temple_entry_enclosed_plants, uniq_edmund
D:5:      minmay_angry_zag, layout_basic,
          chequers_temple_overflow_statue_of_worship, grunt_ministairs_4,
          uniq_menkaure
D:6:      minmay_razor_zed, layout_layer_cave, roderic_cross_of_infinity,
          minmay_misc_feat_alley, supply_closet_lemuel
D:7:      layout_basic, enter_bailey_2, nicolae_ossuary_entry_plus,
          nrook_loot_triangle

Skill      XL: |  1  2  3  4  5  6  7  8  9 10 |
---------------+-------------------------------+-----
Fighting       | 3 4 5 6 7 |  7.4
Axes           | 3 4 |  4.6
Armour         | 3 4 5 7 9 10 | 10.2
Dodging        | 2 3 |  3.3
Stealth        | 1 2 |  2.1
Maces & Flails | 1 3 5 7 9 |  9.0

Action                   |  1- 3 |  4- 6 |  7- 9 | 10-12 || total
-------------------------+-------+-------+-------+-------++-------
Melee: Hand axe          |    64 |    89 |       |       ||   153
       Tailslap          |     8 |     5 |    42 |     8 ||    63
       Flail             |       |    29 |   305 |    57 ||   391
       Punch             |       |       |     1 |     1 ||     2
       Kick              |       |       |       |     5 ||     5
Invok: Berserk           |       |     1 |     4 |       ||     5
  Use: Scroll            |     5 |     5 |    10 |     1 ||    21
       Potion            |       |     1 |     4 |     6 ||    11
Armor: Animal skin       |    19 |       |       |       ||    19
       Ring mail         |    15 |    38 |       |       ||    53
       Scale mail        |       |    30 |    91 |       ||   121
       Plate armour      |       |       |   200 |   100 ||   300
       Chain mail        |       |       |     5 |       ||     5
Dodge: Dodged            |    19 |    46 |   154 |    46 ||   265

Table legend: (Time is in decaauts)
 A = Elapsed time spent in this place.
 B = Non-inter-level travel time spent in this place.
 C = Inter-level travel time spent in this place.
 D = Time resting spent in this place.
 E = Time spent auto-exploring this place.
 F = Levels seen in this place.
 G = Mean time per level.
                   A        B        C        D        E       F      G
               +--------+--------+--------+--------+--------+-----+--------+
         Total |   8452 |   8452 |      0 |   1874 |      0 |   9 |  939.1 |
       Dungeon |   7045 |   7045 |      0 |   1254 |      0 |   7 | 1006.4 |
       Ossuary |    467 |    467 |      0 |      0 |      0 |   1 |  467.0 |
        Bailey |    939 |    939 |      0 |    619 |      0 |   1 |  939.0 |
               +--------+--------+--------+--------+--------+-----+--------+

Top non-repeatable levels by time:
     D:6: 2158 daAuts
     D:5: 1180 daAuts
     D:2: 1090 daAuts
  Bailey: 939 daAuts
     D:1: 842 daAuts
     D:4: 692 daAuts
     D:3: 542 daAuts
     D:7: 539 daAuts
 Ossuary: 467 daAuts
